 Dungeon Crawl Stone Soup version 0.26.1-11-gd32895ea62 (webtiles) character file.

Game seed: 15294256024860845931

13663 Almogavar the Carver (level 11, -23/153 (154) HPs)
             Began as a Palentonga Berserker on July 17, 2021.
             Was a High Priest of Trog.
             Hit by a large rock thrown by a cyclops (32 damage)
             ... on level 11 of the Dungeon.
             The game lasted 00:35:23 (13919 turns).

Almogavar the Carver (Palentonga Berserker)        Turns: 13919, Time: 00:35:23

HP:   -23/153 (154) AC: 12    Str: 23    XL:     11   Next: 78%
MP:   0/11          EV: 12    Int:  8    God:    Trog [*****.]
Gold: 675           SH:  4    Dex: 10    Spells: 10/10 levels left

rFire    . . .     SeeInvis +   a - +7 long sword of Radicalism {flame, +Blink rElec rPois}
rCold    . . .     Faith    .   j - +0 buckler
rNeg     . . .     Spirit   +   b - +0 animal skin
rPois    +         Reflect  .   (no helmet)
rElec    +         Harm     .   x - +0 cloak
rCorr    +         Rampage  .   (no gloves)
Will     ++...                  (no barding)
Stlth    ..........             v - amulet of guardian spirit
HPRegen  1.35/turn              i - ring of resist corrosion
MPRegen  0.12/turn              H - ring of poison resistance

@: berserking (expiring), regenerating, lightly drained, curled up, very quick
A: large, rugged brown scales 3, see invisible, deformed body, roll 1, armoured
tail, reflexive curl
a: Rolling Charge, Renounce Religion, Evoke Blink, Berserk, Trog's Hand,
Brothers in Arms


You were on level 11 of the Dungeon.
You worshipped Trog.
Trog was extremely pleased with you.
You visited 1 branch of the dungeon, and saw 11 of its levels.

You collected 675 gold pieces.

Inventory:

Hand Weapons
 a - the +7 long sword of Radicalism (weapon) {flame, +Blink rElec rPois}
   (Trog gifted it to you on level 8 of the Dungeon)

   It has been specially enchanted to burn those struck by it, causing extra
   injury to most foes and up to half again as much damage against particularly
   susceptible opponents.
   Big, fiery blades are also staple armaments of hydra-hunters.
   It insulates you from electricity.
   It protects you from poison.
   It lets you blink.
 F - a +1 antimagic great sword
Armour
 b - a +0 animal skin (worn)
 j - a +0 buckler (worn)
 m - a +0 chain mail
 r - a +0 scale mail
 x - a +0 cloak (worn)
Jewellery
 g - an uncursed ring of fire
 i - a ring of resist corrosion (left hand)
 v - an amulet of guardian spirit (around neck)
 y - a +6 ring of intelligence
 G - an uncursed ring of ice
 H - a ring of poison resistance (right hand)
Wands
 p - a wand of polymorph (4)
 q - a wand of random effects (39)
 B - a wand of disintegration (12)
 D - a wand of iceblast (7)
 I - a wand of flame (21)
Scrolls
 c - 6 scrolls of fog
 f - 3 scrolls of enchant weapon
 h - 2 scrolls of blinking
 n - 3 scrolls of fear
 o - 3 scrolls of remove curse
 s - 4 scrolls of teleportation
 A - 2 scrolls of random uselessness {unknown}
 C - 2 scrolls of magic mapping {unknown}
 E - a scroll of enchant armour {unknown}
Potions
 d - 4 potions of curing
 e - 3 potions of cancellation
 k - 2 potions of heal wounds
 l - 3 potions of lignification {unknown}
 t - a potion of flight {unknown}
 u - a potion of might
 w - 2 potions of magic
 z - a potion of ambrosia {unknown}
 J - a potion of invisibility {unknown}


   Skills:
 + Level 9.4 Fighting
 + Level 13.6 Long Blades
 + Level 1.9 Armour
 + Level 6.8 Dodging
 - Level 1.0 Stealth
 + Level 3.9 Shields
 + Level 2.2 Evocations


You had 10 spell levels left.
You didn't know any spells.
Your spell library was empty.

Dungeon Overview and Level Annotations

Branches:
Dungeon (11/15)            Temple (0/1) D:7             Orc (0/2) D:10
   Lair: D:8-11

Altars:
Fedhas
Okawaru
Uskayaw
Wu Jian
Zin

Shops:
D:10 :


Innate Abilities, Weirdness & Mutations

You are completely covered in rugged brown scales. (AC +3, +7% HP)
You have supernaturally acute eyesight. (SInv)
Armour fits poorly on your strangely shaped body.
You can roll at nearby foes to attack.
You have a long armoured tail.
You curl defensively after being hit.


Message History

You closely miss the orc.
The orc is almost dead.
The orc warrior completely misses you.
You riposte.
You barely miss the orc warrior.
The orc warrior is severely wounded.
The necrophage hits you.
* * * LOW HITPOINT WARNING * * *
You feel drained.
* * * LOW HITPOINT WARNING * * *
You are too berserk!
You slash the orc! You burn the orc.
You kill the orc!
Trog accepts your kill. The orc warrior barely misses you.
You slash the orc warrior! You burn the orc warrior.
You kill the orc warrior!
Trog accepts your kill. The necrophage closely misses you.
The cyclops throws a large rock.
The large rock hits you!!
You die...

+.........+
#..#......#
#.###...###
#..#...##
##.....#
#####'#####
#......n..#
#...C#(...#
.#.)@#..#
#.....o...#
+.#.....#.+
#.....!.. #
#..#...#..
#....#....#
#.........#
#####+#####


You could see a cyclops, an orc warrior and a necrophage.

Vanquished Creatures
  Harold (D:8)
  A hydra (D:11)
  A two-headed ogre (D:8)
  Erica (D:8)
  A phantasmal warrior (D:11)
  Pikel (D:8)
  An ugly thing (D:10)
  Joseph (D:8)
  A centaur zombie (D:11)
  A troll (D:8)
  2 shadows
  A wraith (D:10)
  21 yaks
  Edmund (D:6)
  A water moccasin (D:8)
  4 sky beasts
  5 orc warriors
  4 ice beasts
  A black bear (D:8)
  5 ogres
  3 phantoms
  A necrophage (D:8)
  2 lemures (D:8)
  3 big kobolds
  5 bullfrogs
  7 scorpions
  7 killer bees
  4 howler monkeys
  3 wights (D:6)
  A bullfrog zombie (D:8)
  A quasit (D:7)
  2 bullfrog skeletons
  3 jellies
  3 hounds
  3 orc priests
  12 orc wizards
  A gnoll shaman (D:8)
  5 iguanas
  Natasha (thrice) (D:3)
  10 worker ants
  A killer bee zombie (D:5)
  A hound skeleton (D:4)
  A worker ant zombie (D:7)
  A howler monkey skeleton (D:5)
  8 gnolls
  10 adders
  A shadow imp (D:8)
  3 white imps
  2 oozes
  4 ufetubi
  An adder zombie (D:6)
  3 adder skeletons
  5 worms
  3 dart slugs
  5 leopard geckos
  51 orcs
  8 giant cockroaches
  16 goblins
  19 hobgoblins
  22 jackals
  24 kobolds
  10 quokkas
  2 ball pythons (D:2)
  2 bats (D:1)
  6 frilled lizards
  A leopard gecko skeleton (D:5)
  2 quokka skeletons
  10 rats
356 creatures vanquished.

Vanquished Creatures (others)
  19 plants
19 creatures vanquished.

Grand Total: 375 creatures vanquished

Notes
Turn   | Place    | Note
-------+----------+-------------------------------------------
     0 | D:1      | Almogavar the Palentonga Berserker began the quest for the
                  | Orb.
     0 | D:1      | Reached XP level 1. HP: 20/20 MP: 1/1
   492 | D:1      | Reached XP level 2. HP: 26/27 MP: 2/2
  1250 | D:2      | Found an iron altar of Okawaru.
  1274 | D:2      | Reached XP level 3. HP: 33/33 MP: 3/3
  1523 | D:2      | Reached skill level 4 in Long Blades
  1858 | D:2      | Reached ** piety under Trog
  1859 | D:2      | Reached XP level 4. HP: 19/40 MP: 4/4
  2314 | D:3      | Noticed Natasha
  2328 | D:3      | Killed Natasha
  2767 | D:3      | Noticed Natasha
  3030 | D:3      | Killed Natasha
  3031 | D:3      | Reached XP level 5. HP: 39/49 MP: 5/5
  3470 | D:3      | Noticed Natasha
  3473 | D:3      | Killed Natasha
  3576 | D:3      | Found an ornate altar of the Wu Jian Council.
  4092 | D:4      | Reached skill level 5 in Long Blades
  4092 | D:4      | Reached XP level 6. HP: 39/55 MP: 6/6
  4555 | D:4      | Found a hide-covered altar of Uskayaw.
  4555 | D:4      | Found a glowing silver altar of Zin.
  4612 | D:4      | Gained mutation: You curl defensively after being hit.
                  | [Palentonga growth]
  4612 | D:4      | Reached XP level 7. HP: 48/64 MP: 7/7
  4630 | D:4      | Reached skill level 6 in Long Blades
  4630 | D:4      | Reached skill level 1 in Stealth
  4938 | D:4      | Reached skill level 1 in Shields
  5196 | D:5      | Entered Level 5 of the Dungeon
  5204 | D:5      | Reached *** piety under Trog
  5533 | D:5      | Reached skill level 5 in Fighting
  5941 | D:5      | Found a blossoming altar of Fedhas.
  6192 | D:5      | Reached skill level 7 in Long Blades
  6443 | D:6      | Reached **** piety under Trog
  6449 | D:6      | Reached XP level 8. HP: 68/73 MP: 6/8
  7921 | D:6      | Reached skill level 8 in Long Blades
  8345 | D:6      | Reached ***** piety under Trog
  8540 | D:6      | Noticed Edmund
  8551 | D:6      | Killed Edmund
  8552 | D:6      | Reached XP level 9. HP: 80/80 MP: 5/9
  8997 | D:7      | Reached skill level 9 in Long Blades
  9503 | D:7      | Found a staircase to the Ecumenical Temple.
  9796 | D:8      | Noticed Harold
  9805 | D:8      | Killed Harold
  9806 | D:8      | Reached skill level 5 in Dodging
  9811 | D:8      | Reached skill level 10 in Long Blades
  9875 | D:8      | Noticed Pikel
  9913 | D:8      | Killed Pikel
  9946 | D:8      | Reached XP level 10. HP: 57/92 MP: 10/10
 10263 | D:8      | Reached skill level 11 in Long Blades
 10263 | D:8      | Received a gift from Trog
 10273 | D:8      | Got a crystal long sword {god gift}
 10275 | D:8      | Identified the +7 long sword of Radicalism {flame, +Blink
                  | rElec rPois} (Trog gifted it to you on level 8 of the
                  | Dungeon)
 10671 | D:8      | Noticed a two-headed ogre
 10674 | D:8      | Reached skill level 1 in Evocations
 10682 | D:8      | Killed a two-headed ogre
 10684 | D:8      | Noticed Erica
 10684 | D:8      | Noticed Joseph
 10694 | D:8      | Reached skill level 12 in Long Blades
 10702 | D:8      | Killed Erica
 11132 | D:8      | Killed Joseph
 11133 | D:8      | Reached XP level 11. HP: 101/101 MP: 8/11
 12954 | D:10     | Entered Level 10 of the Dungeon
 13100 | D:10     | Found Xuriruxa's Book Emporium.
 13119 | D:10     | Reached skill level 13 in Long Blades
 13183 | D:10     | Noticed a cyan ugly thing
 13196 | D:10     | Killed a cyan ugly thing
 13214 | D:10     | Found a staircase to the Orcish Mines.
 13217 | D:10     | Received a gift from Trog
 13764 | D:11     | Noticed an eight-headed hydra
 13773 | D:11     | Killed a four-headed hydra
 13856 | D:11     | Noticed a phantasmal warrior
 13863 | D:11     | Killed a phantasmal warrior
 13916 | D:11     | HP: 7/151 [necrophage (1)]
 13919 | D:11     | Hit by a large rock thrown by a cyclops

Illustrated notes

Levels and vault maps discovered:
D:1:      dpeg_arrival_tiny_d, layout_loops_corners
D:2:      layout_basic, okawaru_gym_becter, serial_bayou_pond_c
D:3:      layout_loops_ring, nzn_wu_jian_council_hall, serial_glass,
          glass_columns_b, glass_columns_a, glass_columns_c, glass_columns_a,
          glass_columns_a, kennysheep_nub, uniq_natasha
D:4:      layout_rooms, gammafunk_temple_overflow_pools, minmay_manual_mail
D:5:      layout_loops_ring, fedhas_altar_2
D:6:      corexii_shantytown, layout_loops_ring, uniq_edmund
D:7:      layout_basic, minmay_temple_entry_statues_pillars
D:8:      nzn_winding_woodlands_small
          [nzn_winding_woodlands_5x15_river_crossing,
          nzn_winding_woodlands_center_pierced_h,
          nzn_winding_woodlands_5x15_longhouse], layout_rooms, uniq_harold,
          uniq_pikel, uniq_erica, uniq_joseph
D:9:      layout_stronghold, kennysheep_another_room
D:10:     layout_loops_ring, erik_orc_3, serial_shops, nicolae_shop_behind_doors
D:11:     minmay_the_grid_3x3 [minmay_the_grid_stretched_grid,
          minmay_the_grid_rooms, minmay_the_grid_box_x,
          minmay_the_grid_tiny_cups, minmay_the_grid_fan,
          minmay_the_grid_large_cup, minmay_the_grid_eight,
          minmay_the_grid_pillar_ring, minmay_the_grid_prize_big_room],
          layout_irregular_city, lair_entry_dummy

Skill      XL: |  1  2  3  4  5  6  7  8  9 10 11 |
---------------+----------------------------------+-----
Dodging        | 2 3 4 5 6 |  6.8
Long Blades    | 4 5 7 8 10 12 13 | 13.6
Fighting       | 4 5 6 7 8 9 |  9.4
Stealth        | 1 |  1.0
Shields        | 1 2 3 |  3.9
Evocations     | 1 2 |  2.2
Armour         | |  1.9

Action                   |  1- 3 |  4- 6 |  7- 9 | 10-12 || total
-------------------------+-------+-------+-------+-------++-------
Melee: Falchion          |    80 |   156 |   334 |       ||   570
       Tailslap          |     7 |    23 |    74 |    34 ||   138
       Scimitar          |       |       |   164 |    54 ||   218
       Long sword        |       |       |       |   268 ||   268
Invok: Berserk           |     2 |     2 |    11 |     7 ||    22
       Trog's Hand       |       |     2 |     3 |     4 ||     9
 Abil: Rolling Charge    |    20 |    23 |    61 |    60 ||   164
Evoke: Wand              |       |       |     3 |     8 ||    11
  Use: Scroll            |     3 |     1 |     6 |     4 ||    14
       Potion            |       |     3 |       |       ||     3
Armor: Animal skin       |    14 |    40 |   117 |    34 ||   205
Dodge: Dodged            |    34 |    53 |   194 |   113 ||   394
Block: Buckler           |     5 |    23 |    63 |    39 ||   130
       Rpst.: Falchion   |    10 |    11 |    30 |       ||    51
       Scimitar          |       |       |    23 |     2 ||    25
       Long sword        |       |       |       |    37 ||    37
